 Dungeon Crawl Stone Soup version 0.21-a0-522-ga8338f0 (webtiles) character file.

63998 Laiders the Basher (level 14, -3/129 HPs)
             Began as a Minotaur Fighter on Dec 6, 2017.
             Was the Champion of Okawaru.
             Slain by a catoblepas (8 damage)
             ... on level 4 of the Lair of Beasts.
             The game lasted 00:49:01 (18825 turns).

Laiders the Basher (Minotaur Fighter)              Turns: 18825, Time: 00:49:02

Health: -3/129     AC: 22    Str: 33    XL:     14   Next: 70%
Magic:  20/20      EV:  2    Int:  5    God:    Okawaru [******]
Gold:   1444       SH:  0    Dex: 17    Spells: 13/13 levels left

rFire    + + .     SeeInvis +   E - +9 flail of Untruth {drain, rC+ rN+ Dex+4}
rCold    + + .     Gourm    .   c - +0 shield
rNeg     + + +     Faith    .   X - +1 chain mail "Hotwetwapsui" {rElec MR+}
rPois    ∞         Spirit   .   (helmet unavailable)
rElec    +         Reflect  +   J - +1 cloak {rPois}
rCorr    .         Harm     .   q - +0 pair of gloves {Str+3}
MR       ++...     Rnd*Rage +   C - +0 pair of boots
Stlth    ..........             j - amulet "Mida" {Reflect rF+ Dex+4 SH+4}
HPRegen  0.31/turn              O - ring "Wanil" {rF+ rC+ rN+ Str-5 Slay+3}
MPRegen  0.17/turn              Z - ring of Xom's Best Wishes {Str+8 SInv}

@: petrified, heroism, finesse, very slow
A: retaliatory headbutt, horns 3, iridescent scales 1, berserk 1
a: Heroism, Finesse, Renounce Religion


You were on level 4 of the Lair of Beasts.
You worshipped Okawaru.
Okawaru was exalted by your worship.
You were not hungry.

You visited 3 branches of the dungeon, and saw 20 of its levels.
You also visited: Ice Cave.

You collected 1444 gold pieces.

Inventory:

Hand Weapons
 d - the +8 autumn katana {slice, Clar}
   (You found it on level 10 of the Dungeon)

   It inflicts extra damage upon your enemies.
   It protects you against confusion.
 E - the +9 flail of Untruth (weapon) {drain, rC+ rN+ Dex+4}
   (You found it on level 6 of the Dungeon)

   A truly terrible weapon, it drains the life of those it strikes.
   It affects your dexterity (+4).
   It protects you from cold.
   It protects you from negative energy.
Missiles
 u - 18 tomahawks (quivered)
 Y - 2 throwing nets
Armour
 c - a +0 shield (worn)
 q - a +0 pair of gloves of strength (worn)
 C - a +0 pair of boots (worn)
 J - a +1 cloak of poison resistance (worn)
 X - the +1 chain mail "Hotwetwapsui" (worn) {rElec MR+}
   (Okawaru gifted it to you on level 14 of the Dungeon)

   It insulates you from electricity.
   It affects your resistance to hostile enchantments.
Jewellery
 j - the amulet "Mida" (around neck) {Reflect rF+ Dex+4 SH+4}
   (You found it on level 14 of the Dungeon)

   [amulet of reflection]

   It shields you and reflects attacks.
   It affects your dexterity (+4).
   It protects you from fire.
   It affects your SH (+4).
 k - an uncursed ring of protection from cold
 l - a +5 ring of evasion
 O - the ring "Wanil" (left hand) {rF+ rC+ rN+ Str-5 Slay+3}
   (You found it in an ice cave)

   [ring of positive energy]

   It affects your strength (-5).
   It affects your accuracy and damage with ranged weapons and melee attacks
   (+3).
   It protects you from fire.
   It protects you from cold.
   It protects you from negative energy.
 Z - the ring of Xom's Best Wishes (right hand) {Str+8 SInv}
   (You found it on level 14 of the Dungeon)

   [ring of see invisible]

   It affects your strength (+8).
   It lets you see invisible.
Wands
 h - a wand of acid (9)
 y - a wand of flame (118)
 D - a wand of iceblast (20)
 F - a wand of digging (24)
 K - a wand of clouds (4)
 M - a wand of enslavement (19)
 P - a wand of disintegration (5)
Scrolls
 e - 12 scrolls of teleportation
 g - 2 scrolls of enchant weapon
 t - 2 scrolls of fog
 w - 11 scrolls of remove curse
 z - 2 scrolls of silence
 A - 5 scrolls of blinking
 B - 7 scrolls of magic mapping
 G - 5 scrolls of identify
 L - a scroll of fear
 Q - a scroll of summoning
 W - 3 scrolls of immolation
Potions
 a - 4 potions of flight
 b - a potion of magic
 m - a potion of agility
 n - 5 potions of curing
 o - a potion of mutation
 r - 4 potions of haste
 v - 2 potions of resistance
 x - 4 potions of cancellation
 H - 3 potions of ambrosia
 I - 2 potions of brilliance
 N - 2 potions of invisibility
 S - a potion of might
 V - 3 potions of heal wounds
Comestibles
 f - 8 bread rations
 i - 14 royal jellies
 p - 28 fruits
 s - 12 meat rations
 R - 3 chunks of flesh


   Skills:
 + Level 13.6(18.6) Fighting
 - Level 14.4(19.4) Maces & Flails
 - Level 10.0(15.0) Armour
 + Level 9.1(14.1) Dodging
 + Level 13.5(18.5) Shields
 - Level 10.0 Invocations
 + Level 7.6 Evocations


You had 13 spell levels left.
You didn't know any spells.

Dungeon Overview and Level Annotations

Branches:
Dungeon (15/15)            Temple (1/1) D:6            Lair (4/6) D:8
  Swamp (0/4) Lair:3       Spider (0/4) Lair:2          Orc (0/2) D:9
 Vaults (0/5) D:14         Depths (0/5) D:15

Altars:
Ashenzari
Cheibriados
Dithmenos
Elyvilon
Fedhas
Gozag
Hepliaklqana
Kikubaaqudgha
Makhleb
Nemelex Xobeh
Okawaru
Qazlal
Ru
Sif Muna
Trog
Uskayaw
Vehumet
Wu Jian
Xom
Yredelemnul
Zin
The Shining One

Shops:
D:10 }   D:12 !


Innate Abilities, Weirdness & Mutations

You reflexively headbutt those who attack you in melee.
You have a pair of large horns on your head.
You are partially covered in iridescent scales. (AC +2)
You tend to lose your temper in combat.


Message History

The catoblepas breathes a plume of calcifying dust at you.
The blast of calcifying dust hits you! The catoblepas gores you!
* * * LOW HITPOINT WARNING * * *
The catoblepas gores you!
* * * LOW HITPOINT WARNING * * *
You have turned to stone.
The catoblepas barely misses you. The catoblepas gores you!
* * * LOW HITPOINT WARNING * * *
The catoblepas gores you but does no damage. x3
The catoblepas gores you!!
* * * LOW HITPOINT WARNING * * *
You feel less invigorated.
You feel less confused. The catoblepas gores you.
* * * LOW HITPOINT WARNING * * *
The catoblepas breathes a plume of calcifying dust at you.
The blast of calcifying dust hits you!
* * * LOW HITPOINT WARNING * * *
You are engulfed in calcifying dust.
The catoblepas gores you!
You die...

#.#≈≈# ♣≈≈≈♣♣
♣♣♣.... ###≈≈#
#≈≈≈≈♣ ♣.P....
##≈≈≈#
♣≈≈≈≈♣♣♣P.....
#≈≈≈##
♣≈≈≈♣♣♣.......
#≈≈8#
#♣≈P♣♣♣....≈≈≈
#≈≈♣#
#≈≈P♣♣P.≈≈≈≈≈≈
#≈≈≈##
#≈≈≈≈♣≈≈≈≈≈≈≈≈
##≈≈≈#
#♣≈≈≈♣≈≈≈≈≈≈≈≈
##Y@#
♣♣≈≈♣♣≈≈≈≈≈≈≈≈
#♣##Y#
♣≈≈P♣♣≈≈≈≈≈≈≈≈
#≈≈≈≈#
#≈≈≈≈≈≈≈≈.≈≈≈≈
#≈≈≈##
♣≈≈≈≈≈≈≈≈..≈≈†
#≈###
#≈≈≈≈≈≈≈......
#≈§#
♣P≈≈≈P≈.......
#≈≈≈≈#
♣..≈≈≈........
#≈..≈#
#♣...........♣
#.[[.#
♣...[...P.♣♣♣


You could see 2 catoblepae.

Vanquished Creatures
  Gastronok (Lair:2)
  A sphinx (D:14)
  A frost giant (IceCv)
  A fire giant (D:15)
  Snorg (Lair:4)
  A yaktaur captain (D:14)
  Harold (Lair:2)
  10 hydras
  6 two-headed ogres
  Erolcha (D:12)
  2 death knights
  A centaur warrior (D:14)
  Sonja (Lair:4)
  The ghost of Daviar the Skirmisher, a novice BaFi of Cheibriados (D:8)
  An unseen horror (D:13)
  A skeletal warrior (D:14)
  A flayed ghost (D:14)
  A phantasmal warrior (D:14)
  A wolf spider (D:15)
  The ghost of dvd the Slasher, a novice VSGl of Okawaru (D:7)
  A deep elf mage (D:15)
  3 ugly things
  3 cyclopes
  2 manticores
  A manticore (shapeshifter) (D:14)
  2 elephants (Lair:4)
  4 black mambas
  Psyche (D:11)
  A centaur zombie (D:14)
  A gargoyle (D:15)
  A spiny frog (Lair:2)
  4 komodo dragons
  5 rime drakes
  2 yaktaurs (D:14)
  2 freezing wraiths
  11 polar bears (IceCv)
  A tengu conjurer (D:14)
  4 trolls
  Prince Ribbit (Lair:1)
  A wolf spider simulacrum (D:15)
  2 dream sheep (D:12)
  14 blink frogs
  A meliai zombie (D:11)
  7 hippogriffs
  A hippogriff (shapeshifter) (D:15)
  10 slime creatures
  A shadow (D:12)
  Sigmund (D:3)
  2 wraiths (D:15)
  A vampire (D:9)
  3 redbacks
  A water elemental (D:14)
  25 yaks
  2 basilisks
  5 wyverns
  A fire elemental (D:14)
  Eustachio (D:5)
  2 hungry ghosts
  6 vampire mosquitoes
  2 acid dragons
  A two-headed ogre zombie (D:9)
  6 porcupines
  A black bear (D:9)
  5 ice beasts
  4 water moccasins
  A hornet zombie (D:14)
  6 sky beasts
  A necrophage (D:5)
  10 orc warriors
  An eye of draining (D:12)
  7 ogres
  4 phantoms
  13 wolves (IceCv)
  11 centaurs
  4 big kobolds
  Blork the orc (D:6)
  3 crocodiles
  15 bullfrogs
  3 scorpions
  3 troll zombies (D:9)
  9 killer bees
  7 wights
  7 howler monkeys
  7 electric eels
  6 crimson imps
  A lava snake (D:14)
  3 centaur skeletons
  3 hounds
  4 jellies
  11 orc priests
  2 bullfrog skeletons (D:6)
  3 iguanas
  13 orc wizards
  15 worker ants
  2 killer bee zombies
  4 ogre zombies (D:9)
  A hound skeleton (D:6)
  A hound zombie (D:5)
  A gnoll (D:7)
  16 adders
  4 shadow imps
  12 white imps (Lair:1)
  An adder zombie (D:5)
  3 adder skeletons
  5 worms
  2 dart slugs
  15 leopard geckos
  46 orcs
  3 bats
  5 giant cockroaches
  4 goblins
  8 hobgoblins
  6 jackals
  7 kobolds
  A quokka (D:3)
  2 ball pythons
  5 frilled lizards
  4 goblin zombies (D:9)
  2 hobgoblin skeletons (D:9)
  2 hobgoblin zombies (D:9)
  A leopard gecko skeleton (D:5)
  5 orc skeletons (D:9)
  12 orc zombies (D:9)
  A quokka zombie (D:5)
  3 rats
  A fire vortex (D:14)
550 creatures vanquished.

Vanquished Creatures (others)
  A polar bear (IceCv)
  A wolf (IceCv)
  A centaur (D:15)
  An orc (D:4)
  A giant cockroach (D:5)
  A fungus (Lair:4)
  4 plants
  12 toadstools (Lair:4)
22 creatures vanquished.

Grand Total: 572 creatures vanquished

Notes
Turn   | Place    | Note
-------+----------+-------------------------------------------
     0 | D:1      | Laiders the Minotaur Fighter began the quest for the Orb.
     0 | D:1      | Reached XP level 1. HP: 19/19 MP: 0/0
    79 | D:1      | Reached skill level 3 in Maces & Flails
   151 | D:1      | Reached XP level 2. HP: 23/26 MP: 1/1
   650 | D:2      | Found a radiant altar of Vehumet.
   883 | D:2      | Reached skill level 4 in Maces & Flails
  1242 | D:3      | Reached XP level 3. HP: 31/31 MP: 2/2
  1370 | D:3      | Reached skill level 5 in Maces & Flails
  1694 | D:3      | Noticed Sigmund
  1701 | D:3      | Killed Sigmund
  1701 | D:3      | Reached skill level 7 in Maces & Flails
  1701 | D:3      | Reached XP level 4. HP: 39/39 MP: 3/3
  1701 | D:3      | Reached XP level 5. HP: 45/45 MP: 4/4
  2228 | D:3      | Gained mutation: Your magical capacity is low. (-10% MP) [potion of mutation]
  2228 | D:3      | Gained mutation: Your mind is acute. (Int +2) [potion of mutation]
  2291 | D:4      | Reached XP level 6. HP: 32/51 MP: 4/4
  2359 | D:4      | Reached skill level 8 in Maces & Flails
  2784 | D:4      | Reached skill level 9 in Maces & Flails
  3145 | D:4      | Reached XP level 7. HP: 57/57 MP: 5/5
  3956 | D:5      | Entered Level 5 of the Dungeon
  3956 | D:5      | Noticed Eustachio
  4010 | D:5      | Reached skill level 10 in Maces & Flails
  4055 | D:5      | Killed Eustachio
  4106 | D:5      | Reached skill level 11 in Maces & Flails
  4173 | D:5      | Reached XP level 8. HP: 39/64 MP: 6/6
  4956 | D:6      | Reached skill level 12 in Maces & Flails
  5266 | D:6      | Found a staircase to the Ecumenical Temple.
  5270 | D:6      | Noticed Blork the orc
  5285 | D:6      | Killed Blork the orc
  5297 | Temple   | Entered the Ecumenical Temple
  5390 | Temple   | Became a worshipper of the Shining One
  5430 | D:6      | Reached skill level 13 in Maces & Flails
  5562 | D:6      | Got a faintly glowing flail
  5563 | D:6      | Identified the +9 flail of Untruth {drain, rC+ rN+ Dex+4} (You found it on level 6 of the Dungeon)
  5607 | Temple   | Fell from the grace of the Shining One
  5607 | Temple   | Became a worshipper of Warmaster Okawaru
  6207 | D:7      | Reached XP level 9. HP: 63/70 MP: 7/7
  6298 | D:7      | Noticed dvd's ghost (novice VSGl)
  6320 | D:7      | Killed dvd's ghost
  6320 | D:7      | Reached * piety under Okawaru
  6320 | D:7      | Reached skill level 14 in Maces & Flails
  6397 | D:7      | Reached skill level 1 in Invocations
  6524 | D:7      | Noticed a green ugly thing
  6533 | D:7      | Killed a green ugly thing
  6533 | D:7      | Reached ** piety under Okawaru
  6806 | D:7      | Identified Sif Muna's Compendium of Orientation and the Birds
  6868 | D:7      | Reached skill level 5 in Fighting
  6868 | D:7      | Reached skill level 5 in Armour
  6868 | D:7      | Reached skill level 5 in Shields
  7017 | D:8      | Noticed Daviar's ghost (novice BaFi)
  7029 | D:8      | Killed Daviar's ghost
  7029 | D:8      | Reached XP level 10. HP: 62/83 MP: 10/10
  7062 | D:8      | Reached *** piety under Okawaru
  7132 | D:8      | Found a staircase to the Lair.
  7858 | D:9      | Found a staircase to the Orcish Mines.
  8229 | D:9      | Reached **** piety under Okawaru
  8298 | D:9      | Noticed a two-headed ogre
  8306 | D:9      | Killed a two-headed ogre
  8306 | D:9      | Reached skill level 5 in Invocations
  8493 | D:9      | Noticed a two-headed ogre
  8502 | D:9      | Killed a two-headed ogre
  8502 | D:9      | Reached XP level 11. HP: 67/94 MP: 12/12
  9100 | D:10     | Entered Level 10 of the Dungeon
  9100 | D:10     | Found Soshrur's Gadget Shoppe.
  9125 | D:10     | Noticed a two-headed ogre
  9135 | D:10     | Killed a two-headed ogre
  9135 | D:10     | Reached ***** piety under Okawaru
  9361 | D:10     | Found the +8 autumn katana {slice, Clar}
  9727 | D:11     | Noticed Psyche
  9736 | D:11     | Killed Psyche
  9767 | D:11     | Received a gift from Okawaru
 10519 | D:12     | Noticed a two-headed ogre
 10529 | D:12     | Killed a two-headed ogre
 10615 | D:12     | Noticed a red ugly thing
 10621 | D:12     | Killed a red ugly thing
 10621 | D:12     | Reached XP level 12. HP: 106/106 MP: 12/14
 10766 | D:12     | Found Plog's Distillery.
 10798 | D:12     | Noticed Erolcha
 10807 | D:12     | Killed Erolcha
 10807 | D:12     | Reached skill level 10 in Fighting
 10807 | D:12     | Reached skill level 10 in Armour
 10807 | D:12     | Reached skill level 10 in Shields
 10828 | D:12     | Noticed an eight-headed hydra
 10831 | D:12     | Killed an eight-headed hydra
 10839 | D:12     | Noticed a seven-headed hydra
 10840 | D:12     | Reached ****** piety under Okawaru
 10849 | D:12     | Killed a seven-headed hydra
 10864 | D:12     | Received a gift from Okawaru
 11103 | D:12     | Noticed a three-headed hydra
 11108 | D:12     | Reached skill level 10 in Invocations
 11110 | D:12     | Killed a three-headed hydra
 11110 | D:12     | Reached skill level 1 in Dodging
 11110 | D:12     | Reached skill level 1 in Evocations
 11308 | D:13     | Noticed a two-headed ogre
 11317 | D:13     | Killed a two-headed ogre
 11488 | D:13     | Noticed a four-headed hydra
 11495 | D:13     | Killed a four-headed hydra
 11900 | D:13     | Noticed a seven-headed hydra
 11908 | D:13     | Killed a seven-headed hydra
 12018 | D:14     | Noticed an eight-headed hydra
 12023 | D:14     | Killed an eight-headed hydra
 12034 | D:14     | Reached XP level 13. HP: 103/116 MP: 14/17
 12096 | D:14     | Got a steaming pewter amulet
 12575 | D:14     | Found a gate to the Vaults.
 12592 | D:14     | Reached skill level 5 in Dodging
 12722 | D:14     | Received a gift from Okawaru
 12732 | D:14     | Got a transparent chain mail {god gift}
 13110 | D:14     | Noticed a sphinx
 13137 | D:14     | Killed a sphinx
 13137 | D:14     | Reached skill level 5 in Evocations
 13492 | D:14     | Identified Iskenderun's Tome of Attacks
 13499 | D:14     | Got a faintly glowing bronze ring
 13513 | D:14     | Identified the amulet "Mida" {Reflect rF+ Dex+4 SH+4} (You found it on level 14 of the Dungeon)
 13529 | D:14     | Identified the +1 chain mail "Hotwetwapsui" {rElec MR+} (Okawaru gifted it to you on level 14 of the Dungeon)
 13531 | D:14     | Identified the ring of Xom's Best Wishes {Str+8 SInv} (You found it on level 14 of the Dungeon)
 13556 | D:14     | Got a fine whip
 13557 | D:14     | Identified the +4 whip of Distant Worlds {elec, rPois Dex+3} (You found it on level 14 of the Dungeon)
 13748 | D:15     | Entered Level 15 of the Dungeon
 13896 | D:15     | Noticed a fire giant
 13899 | D:15     | Found a staircase to the Depths.
 13907 | D:15     | Killed a fire giant
 14653 | Lair:1   | Entered Level 1 of the Lair of Beasts
 14653 | Lair:1   | Noticed Prince Ribbit
 14666 | Lair:1   | Killed Prince Ribbit
 14767 | Lair:1   | Found a frozen archway.
 14818 | Lair:1   | Lost mutation: Your magical capacity is low. (-10% MP) [potion of mutation]
 14818 | Lair:1   | Lost mutation: Your mind is acute. (Int +2) [potion of mutation]
 14818 | Lair:1   | Gained mutation: You tend to lose your temper in combat. [potion of mutation]
 14818 | Lair:1   | Gained mutation: You are partially covered in iridescent scales. (AC +2) [potion of mutation]
 14818 | Lair:1   | Gained mutation: You have a pair of large horns on your head. [potion of mutation]
 14820 | IceCv    | Entered an ice cave
 15006 | IceCv    | Reached XP level 14. HP: 127/127 MP: 20/20
 15134 | IceCv    | Noticed a frost giant
 15161 | IceCv    | Killed a frost giant
 15200 | IceCv    | Got a translucent lapis lazuli ring
 15555 | Lair:1   | Identified the ring "Wanil" {rF+ rC+ rN+ Str-5 Slay+3} (You found it in an ice cave)
 16060 | Lair:1   | Received a gift from Okawaru
 16404 | Lair:2   | Noticed Gastronok
 16421 | Lair:2   | Killed Gastronok
 16492 | Lair:2   | Found a hole to the Spider Nest.
 16640 | Lair:2   | Noticed Harold
 16650 | Lair:2   | Killed Harold
 17570 | Lair:3   | Found a shimmering altar of Xom.
 17623 | Lair:3   | Found a staircase to the Swamp.
 17924 | Lair:4   | Noticed Snorg
 17933 | Lair:4   | Killed Snorg
 18238 | Lair:4   | Noticed Sonja
 18262 | Lair:4   | Killed Sonja
 18474 | Lair:4   | Found the +4 moon troll leather armour {Spirit, Regen++ MP+5}
 18497 | Lair:4   | Found a runed door.
 18823 | Lair:4   | HP: 6/129 [catoblepas (9)]
 18825 | Lair:4   | Slain by a catoblepas

Vault maps used:
D:1:      minmay_arrival_nine_rooms
D:2:      vehumet_crystals, first_bread
D:3:      columned_hall_lemuel, uniq_sigmund
D:5:      serial_bayou_crossing, uniq_eustachio
D:6:      minmay_temple_entry_grid, minmay_lizard_king, uniq_blork_the_orc
D:7:      minmay_the_grid_octo_triangle
D:8:      david_lair_shrubbed
D:9:      zombieorc2_lemuel
D:10:     serial_shops, nicolae_shop_trees, uniq_psyche
D:12:     serial_shops, kennysheep_mini, serial_glass, glass_columns_c,
          glass_columns_a, hangedman_ranch, spider_trap, uniq_erolcha
D:14:     kennysheep_water_balloons, david_vaults_2, kennysheep_boxes
D:15:     grunt_enter_depths_giant_problem, serial_park_square1
Temple:   compressed_dpeg_triangle_lava_temple
Lair:1:   portal_ice_cave_entry_imps, uniq_prince_ribbit2
Lair:2:   spider_nest_entry_webs, uniq_harold, uniq_gastronok
Lair:3:   swamp_mist_pool, basic_altar
Lair:4:   gammafunk_lair_enchanted_lake, serial_bayou_shore_a,
          infiniplex_staircase_pool_2, uniq_sonja, uniq_snorg
IceCv:    ice_cave_caverns_03

Skill      XL: |  1  2  3  4  5  6  7  8  9 10 11 12 13 14 |
---------------+-------------------------------------------+-----
Maces & Flails | 3 4 7 9 11 13 14 | 14.4
Invocations    | 3 5 7 10 | 10.0
Fighting       | 5 7 9 11 12 13 | 13.6
Armour         | 5 7 9 10 | 10.0
Shields        | 5 7 9 10 12 13 | 13.5
Dodging        | 4 7 9 |  9.1
Evocations     | 3 6 7 |  7.6

Action                   |  1- 3 |  4- 6 |  7- 9 | 10-12 | 13-15 || total
-------------------------+-------+-------+-------+-------+-------++-------
Melee: Flail             |    90 |   101 |   322 |   527 |   469 ||  1509
       Headbutt          |    16 |    16 |    41 |   121 |   151 ||   345
Throw: Tomahawk          |       |       |       |       |     7 ||     7
Invok: Heroism           |       |       |       |     9 |     4 ||    13
       Finesse           |       |       |       |       |     3 ||     3
Evoke: Wand              |       |       |       |       |     3 ||     3
  Use: Scroll            |       |     7 |    10 |    10 |    11 ||    38
       Potion            |       |     2 |     1 |     2 |     4 ||     9
  Eat: Chunk             |     2 |     4 |     9 |    16 |    18 ||    49
       Bread ration      |       |       |     1 |       |       ||     1
       Royal jelly       |       |       |       |       |     2 ||     2
Armor: Scale mail        |    77 |    51 |   101 |    61 |       ||   290
       Plate armour      |       |       |       |   178 |    26 ||   204
       Chain mail        |       |       |       |       |   110 ||   110
Dodge: Dodged            |    47 |    38 |   123 |   329 |   224 ||   761
Block: Shield            |    68 |    32 |   157 |   384 |   441 ||  1082
       Reflection        |       |       |       |       |    26 ||    26

Table legend:
 A = Spawn XP
 B = Non-spawn XP
 C = Spawn XP percentage of total XP
 D = Spawn monster count
 E = Non-spawn monster count
 F = Spawn count percentage of total count
 G = Total turns spent on level
                    A         B        C        D         E        F      G
               +---------+---------+-------+---------+---------+-------+---------
         Total |       0 |   91427 |   0.0 |       0 |     551 |   0.0 | 18825
               +---------+---------+-------+---------+---------+-------+---------
           D:1 |       0 |      23 |   0.0 |       0 |      12 |   0.0 |   598
           D:2 |       0 |      13 |   0.0 |       0 |       7 |   0.0 |   589
           D:3 |       0 |     316 |   0.0 |       0 |      24 |   0.0 |  1066
           D:4 |       0 |     386 |   0.0 |       0 |      18 |   0.0 |  1703
           D:5 |       0 |    1075 |   0.0 |       0 |      28 |   0.0 |   991
           D:6 |       0 |     776 |   0.0 |       0 |      27 |   0.0 |  1005
           D:7 |       0 |    2322 |   0.0 |       0 |      33 |   0.0 |   882
           D:8 |       0 |    1952 |   0.0 |       0 |      17 |   0.0 |   862
           D:9 |       0 |    4765 |   0.0 |       0 |      69 |   0.0 |  1283
          D:10 |       0 |    3158 |   0.0 |       0 |      43 |   0.0 |   516
          D:11 |       0 |    4463 |   0.0 |       0 |      30 |   0.0 |   883
          D:12 |       0 |   11456 |   0.0 |       0 |      41 |   0.0 |   889
          D:13 |       0 |    6315 |   0.0 |       0 |      20 |   0.0 |   733
          D:14 |       0 |   15479 |   0.0 |       0 |      43 |   0.0 |  1754
          D:15 |       0 |    7267 |   0.0 |       0 |      20 |   0.0 |   748
        Lair:1 |       0 |    2800 |   0.0 |       0 |      25 |   0.0 |   991
        Lair:2 |       0 |    6976 |   0.0 |       0 |      18 |   0.0 |   904
        Lair:3 |       0 |    3906 |   0.0 |       0 |       9 |   0.0 |   644
        Lair:4 |       0 |    7400 |   0.0 |       0 |      23 |   0.0 |   902
         IceCv |       0 |   10579 |   0.0 |       0 |      44 |   0.0 |   731
               +---------+---------+-------+---------+---------+-------+---------
